 Dungeon Crawl Stone Soup version 0.29.1-2-gbd0b4ee654 (webtiles) character file.

Game seed: 8783902672645634437

25564 zeram the Severer (level 13, -5/119 HPs)
             Began as a Hill Orc Fighter on Nov 15, 2022.
             Was an Initiate of Gozag.
             Killed by divine providence
             ... invoked by an orc priest
              (12 damage)
             ... on level 2 of the Orcish Mines.
             The game lasted 00:40:31 (15401 turns).

zeram the Severer (Hill Orc Fighter)               Turns: 15401, Time: 00:40:32

Health: -5/119     AC: 25    Str: 23    XL:     13   Next: 20%
Magic:  13/13      EV:  5    Int: 12    God:    Gozag
Gold:   3812       SH: 13    Dex: 15    Spells: 12/12 levels left

rFire   + + .      SeeInvis .   a - +1 war axe (vorpal)
rCold   + . .      Faith    .   c - +1 buckler
rNeg    . . .      Spirit   .   y - +1 gold dragon scales
rPois   +          Reflect  +   f - +1 helmet
rElec   .          Harm     .   (no cloak)
rCorr   .          Rampage  .   (no gloves)
Will    .....                   d - +0 pair of boots
Stlth   ..........              j - amulet of reflection
HPRegen 0.29/turn               l - ring of protection from fire
MPRegen 0.13/turn               n - +6 ring of dexterity

@: gold aura
A: iridescent scales 1, clever 1
a: Renounce Religion, Convert to Beogh, Potion Petition, Call Merchant, Bribe
Branch


You were on level 2 of the Orcish Mines.
You worshipped Gozag.
Gozag was most pleased with you.
You visited 3 branches of the dungeon, and saw 13 of its levels.
You also visited: Bailey.

You collected 4537 gold pieces.
You spent 157 gold pieces at shops.
You paid 568 gold pieces to Gozag.

Inventory:

Hand Weapons
 a - a +1 vorpal war axe (weapon)
 m - a +1 mace of protection
Missiles
 B - 2 throwing nets (quivered)
Armour
 b - a +0 scale mail
 c - a +1 buckler (worn)
 d - a +0 pair of boots (worn)
 f - a +1 helmet (worn)
 i - a +0 plate armour
 v - a +0 pair of gloves
 y - +1 gold dragon scales (worn)
Jewellery
 e - an amulet of the acrobat
 j - an amulet of reflection (around neck)
 l - a ring of protection from fire (left hand)
 n - a +6 ring of dexterity (right hand)
Wands
 h - a wand of paralysis (3)
 q - a wand of flame (50)
 u - a wand of iceblast (15)
Scrolls
 k - a scroll of magic mapping
 o - 2 scrolls of amnesia
 r - 3 scrolls of fog
 x - a scroll of summoning
 C - a scroll of identify
Potions
 g - 3 potions of brilliance
 p - 2 potions of heal wounds
 t - 3 potions of flight
 w - a potion of magic
 z - 4 potions of curing
 A - a potion of haste


   Skills:
 + Level 12.4 Fighting
 + Level 17.1 Axes
 + Level 11.2 Armour
 + Level 2.6 Dodging
 + Level 11.0 Shields
 + Level 4.0 Evocations


You had 12 spell levels left.
You didn't know any spells.
Your spell library contained the following spells:

 Spells                   Type           Power      Damage    Failure   Level
 Apportation              Tloc           0%         N/A       100%        1
 Magic Dart               Conj           0%         1d3       100%        1
 Necrotise                Necr           0%         1d4       100%        1
 Slow                     Hex            0%         N/A       100%        1
 Summon Small Mammal      Summ           0%         N/A       100%        1
 Call Imp                 Summ           0%         N/A       100%        2
 Call Canine Familiar     Summ           0%         N/A       100%        3
 Confusing Touch          Hex            0%         N/A       100%        3
 Gell's Gravitas          Tloc           0%         N/A       100%        3
 Lesser Beckoning         Tloc           0%         N/A       100%        3
 Mephitic Cloud           Conj/Pois/Air  0%         N/A       100%        3
 Portal Projectile        Hex/Tloc       0%         N/A       100%        3
 Teleport Other           Tloc           0%         N/A       100%        3
 Vampiric Draining        Necr           0%         2d6       100%        3
 Leda's Liquefaction      Hex/Erth       0%         N/A       100%        4


Dungeon Overview and Level Annotations

Branches:
Dungeon (10/15)            Temple (1/1) D:4             Orc (2/2) D:10
    Elf (0/3) Orc:2        Bailey (visited)
   Lair: D:8-11

Altars:
Ashenzari
Cheibriados
Elyvilon
Fedhas
Gozag
Hepliaklqana
Kikubaaqudgha
Makhleb
Nemelex Xobeh
Okawaru
Qazlal
Ru
Sif Muna
Trog
Uskayaw
Vehumet
Wu Jian
Xom
Yredelemnul
Zin
The Shining One
Beogh

Shops:
D:8 *


Innate Abilities, Weirdness & Mutations

You are partially covered in iridescent scales. (AC +2)
Your mind is acute. (Int +4, Str/Dex -1)


Message History

You hit the orc high priest.
The orc high priest threatens, "By the altar or by the axe, you will meet Beogh!"
The orc high priest is lightly wounded.
You barely miss the orc knight. You block the orc high priest's attack.
You slash the orc high priest!
The orc high priest is moderately wounded.
You hit the orc knight. You block the orc high priest's attack.
Unknown command.
You closely miss the orc high priest.
The orc high priest is moderately wounded.
You completely miss the orc knight.
The orc knight hits you but does no damage.
You block the orc high priest's attack.
The orc priest calls down the wrath of Beogh upon you.
Beogh smites you!
The orc priest shouts, "Surrender to Beogh and we'll let you live!"
The orc warrior shouts!
You slash the orc high priest!
The orc high priest is heavily wounded.
You hit the orc knight but do no damage.
The orc high priest shouts, "Beogh is our master!
Accept the truth or die!"
The orc knight hits you but does no damage.
You are electrocuted!
* * * LOW HITPOINT WARNING * * *
You miss the orc high priest.
The orc high priest is heavily wounded.
You slash the orc knight!
The orc high priest hits you with a +0 mace.
* * * LOW HITPOINT WARNING * * *
The orc priest begins to cast a cantrip, but forgets the words!
The orc knight hits you but does no damage.
You barely miss the orc high priest.
The orc high priest is heavily wounded.
You hit the orc knight but do no damage.
The orc high priest hits you with a +0 mace!
* * * LOW HITPOINT WARNING * * *
The orc priest mumbles some strange prayers to Beogh against you.
Beogh smites you!
You die...
Your body crumbles into a pile of gold.

#...........
.#......... ##
##.....o....
...#...........
...#...........
.......o.......#.
........o.......###
.......@o.........##
......$...#........#
..................##
...#........#......####
..
#........#.......#.## #
##..$..[#.......#...#
#.....[.#..........#
#.....$[[#..........
#........[[....[....#


You could see an orc knight, an orc high priest (strong), an orc warrior and an
orc priest (strong).

Vanquished Creatures
  Gastronok (D:8)
  An orc warlord (Orc:2)
  Harold (D:9)
  Erica (D:10)
  A two-headed ogre (D:10)
  3 orc high priests
  Pikel (D:5)
  An orc knight (Orc:2)
  4 orc sorcerers
  2 kobold demonologists (Bailey)
  2 trolls
  A vampire (D:10)
  A shadow (D:10)
  10 yaks (D:9)
  A wraith (D:5)
  A wyvern (D:7)
  2 steam dragons
  2 vampire mosquitoes (D:10)
  A warg (Orc:1)
  An acid dragon (D:8)
  2 ice beasts (D:6)
  33 orc warriors
  2 ogres (D:6)
  A phantom (D:5)
  3 centaurs
  4 lemures
  2 kobold brigands
  A bullfrog (D:6)
  2 gnoll sergeants
  A necrophage (D:6)
  3 scorpions
  27 wights
  17 killer bees
  4 electric eels (Bailey)
  7 howler monkeys
  A lava snake (D:9)
  3 jellies
  3 hounds
  19 orc priests
  Ijyb (D:3)
  Terence (D:2)
  28 orc wizards
  17 gnolls
  7 adders
  A shadow imp (D:5)
  2 white imps (D:6)
  An ufetubus (D:4)
  5 worms
  3 dart slugs
  62 orcs
  4 bats
  7 endoplasms
  2 giant cockroaches
  15 goblins
  15 hobgoblins
  4 iguanas
  8 jackals
  3 quokkas (D:1)
  7 ball pythons
  4 frilled lizards
  13 kobolds
  5 rats
388 creatures vanquished.

Vanquished Creatures (others)
  A howler monkey (D:9)
  A goblin (Bailey)
2 creatures vanquished.

Grand Total: 390 creatures vanquished

Notes
Turn   | Place    | Note
-------+----------+-------------------------------------------
     0 | D:1      | zeram the Hill Orc Fighter began the quest for the Orb.
     0 | D:1      | Reached XP level 1. HP: 19/19 MP: 1/1
   170 | D:1      | Reached XP level 2. HP: 27/27 MP: 2/2
   254 | D:1      | Reached skill level 3 in Axes
   456 | D:1      | Reached XP level 3. HP: 31/33 MP: 3/3
  1223 | D:2      | Reached skill level 4 in Axes
  1326 | D:2      | Reached XP level 4. HP: 40/40 MP: 4/4
  1499 | D:2      | Noticed Terence
  1513 | D:2      | Killed Terence
  2367 | D:3      | Reached XP level 5. HP: 47/47 MP: 5/5
  2425 | D:3      | Noticed Ijyb
  2429 | D:3      | Paralysed by Ijyb for 2 turns
  2434 | D:3      | Paralysed by Ijyb for 2 turns
  2440 | D:3      | Killed Ijyb
  2441 | D:3      | Reached skill level 5 in Axes
  2449 | D:3      | Found a faded altar of an unknown god.
  2525 | D:3      | Gained mutation: You are partially covered in iridescent
                  | scales. (AC +2) [potion of mutation]
  2525 | D:3      | Gained mutation: Your mind is acute. (Int +4, Str/Dex -1)
                  | [potion of mutation]
  2525 | D:3      | HP: 1/47 [gnoll/+0 halberd (6)]
  3501 | D:3      | Reached skill level 1 in Dodging
  3574 | D:4      | Reached XP level 6. HP: 53/53 MP: 6/6
  3668 | D:4      | Reached skill level 6 in Axes
  3743 | D:4      | Found a shimmering altar of Xom.
  3913 | D:4      | Found a staircase to the Ecumenical Temple.
  3931 | Temple   | Entered the Ecumenical Temple
  3951 | Temple   | Became a worshipper of Gozag Ym Sagoz the Greedy
  4087 | D:5      | Entered Level 5 of the Dungeon
  4269 | D:5      | Reached XP level 7. HP: 60/60 MP: 7/7
  4277 | D:5      | Reached skill level 7 in Axes
  4424 | D:5      | Noticed a wraith
  4430 | D:5      | Killed a wraith
  4431 | D:5      | Reached skill level 5 in Fighting
  4431 | D:5      | Reached skill level 5 in Armour
  4614 | D:6      | Reached skill level 8 in Axes
  4616 | D:6      | Reached XP level 8. HP: 58/69 MP: 8/8
  4667 | D:6      | Noticed Pikel
  4702 | D:5      | Killed Pikel
  4703 | D:5      | Reached skill level 9 in Axes
  4703 | D:5      | Reached skill level 5 in Shields
  5571 | D:6      | Reached skill level 10 in Axes
  5576 | D:6      | Reached XP level 9. HP: 71/75 MP: 9/9
  5865 | D:6      | Found a blossoming altar of Fedhas.
  5866 | D:6      | Found a hide-covered altar of Uskayaw.
  6081 | D:6      | Reached skill level 11 in Axes
  6597 | D:7      | Found a flagged portal.
  6607 | D:7      | Noticed a troll
  6627 | D:7      | Killed a troll
  6658 | Bailey   | Entered a bailey
  6794 | Bailey   | Reached skill level 12 in Axes
  6882 | Bailey   | Reached XP level 10. HP: 86/86 MP: 10/10
  6895 | Bailey   | Found the +8 autumn katana {vorpal, manifold assault}
  7274 | Bailey   | Found an iron altar of Okawaru.
  7274 | Bailey   | Noticed a kobold demonologist
  7274 | Bailey   | Noticed a kobold demonologist
  7276 | Bailey   | Noticed an orange demon
  7285 | Bailey   | Killed a kobold demonologist
  7289 | Bailey   | Killed a kobold demonologist
  7733 | Bailey   | Reached skill level 13 in Axes
  8843 | D:7      | Acquired 1057 gold pieces
  8857 | D:8      | Bought a potion of curing for 45 gold pieces
  8857 | D:8      | Bought a scroll of magic mapping for 112 gold pieces
  9210 | D:8      | Noticed Gastronok
  9219 | D:8      | Reached skill level 14 in Axes
  9219 | D:8      | Reached XP level 11. HP: 57/99 MP: 11/11
  9236 | D:8      | Killed Gastronok
  9237 | D:8      | Reached skill level 10 in Fighting
  9800 | D:8      | Reached skill level 15 in Axes
 10211 | D:9      | Reached XP level 12. HP: 104/104 MP: 12/12
 10375 | D:9      | Found an ornate altar of the Wu Jian Council.
 10829 | D:9      | Found an ancient bone altar of Kikubaaqudgha.
 10892 | D:9      | Noticed Harold
 10905 | D:9      | Killed Harold
 11310 | D:10     | Entered Level 10 of the Dungeon
 11552 | D:10     | Found a staircase to the Orcish Mines.
 11587 | Orc:1    | Entered Level 1 of the Orcish Mines
 11598 | D:10     | Reached skill level 16 in Axes
 11650 | D:10     | Found a roughly hewn altar of Beogh.
 11908 | D:10     | Found a glowing silver altar of Zin.
 11933 | D:10     | Found a stormy altar of Qazlal.
 11983 | D:10     | Noticed Erica
 12015 | D:10     | Killed Erica
 12016 | D:10     | Reached skill level 10 in Shields
 12208 | D:10     | Noticed a two-headed ogre
 12216 | D:10     | Killed a two-headed ogre
 12217 | D:10     | Reached skill level 10 in Armour
 12359 | D:10     | Found a hazy altar of Hepliaklqana.
 12363 | D:10     | Found a radiant altar of Vehumet.
 13017 | Orc:1    | Found a roughly hewn altar of Beogh.
 13296 | Orc:2    | Entered Level 2 of the Orcish Mines
 13340 | Orc:2    | Found a staircase to the Elven Halls.
 13541 | Orc:2    | Noticed an orc high priest
 13657 | Orc:1    | Killed an orc high priest
 14172 | Orc:2    | Noticed an orc warlord
 14190 | Orc:2    | Noticed an orc high priest
 14193 | Orc:2    | Reached XP level 13. HP: 34/118 MP: 13/13
 14197 | Orc:2    | Killed an orc warlord
 14899 | Orc:2    | Reached skill level 17 in Axes
 15401 | Orc:2    | Killed from afar by an orc priest

Illustrated notes

Levels and vault maps discovered:
D:1:      ebering_hopf_link, layout_basic
D:2:      layout_basic, chequers_arboretum, uniq_terence
D:3:      layout_loops_ring, cheibrodos_sewer_entry_bend,
          shapermc_ecumenical_altar_notcrosses, uniq_ijyb
D:4:      layout_rooms, dk_xom_monty_hall, minmay_temple_entry_butterflies,
          hangedman_abyss_or_decor_lesser_grid,
          nicolae_concentric_dashed_squares_mild
D:5:      layout_rooms
D:6:      layout_basic, nicolae_overflow_squiral, hex_large, minmay_puff,
          uniq_pikel
D:7:      layout_basic, enter_bailey_5
D:8:      layout_loops_ring, uniq_gastronok
D:9:      layout_loops_corners, mainiacjoe_overflow_catch_the_wave, uniq_harold
D:10:     layout_loops_ring, general_overflow_altar,
          nicolae_overflow_hidden_temple, minmay_orc_entry_temple_large,
          uniq_erica
Temple:   hellmonk_temple_two_chambers
Orc:1:    layout_diamond_mine, mines1_david
Orc:2:    st_orc_congregation, layout_caves

Skill      XL: |  1  2  3  4  5  6  7  8  9 10 11 12 13 |
---------------+----------------------------------------+-----
Axes           | 3 4 5 6 8 10 12 14 15 16 17 | 17.1
Fighting       | 4 5 6 7 9 10 12 | 12.4
Armour         | 4 5 6 7 8 9 10 11 | 11.2
Dodging        | 1 2 |  2.6
Shields        | 4 5 7 9 10 11 | 11.0
Evocations     | 4 |  4.0

Action                   |  1- 3 |  4- 6 |  7- 9 | 10-12 | 13-15 || total
-------------------------+-------+-------+-------+-------+-------++-------
Melee: War axe           |    99 |   178 |   220 |   612 |   105 ||  1214
Invok: Call Merchant     |       |       |       |     1 |       ||     1
Evoke: Wand              |       |     3 |       |     3 |       ||     6
  Use: Scroll            |     2 |    13 |     1 |     6 |     2 ||    24
       Potion            |       |     3 |     5 |     5 |     2 ||    15
 Stab: Paralysed         |       |     5 |       |     1 |       ||     6
       Distracted        |       |       |     3 |     4 |       ||     7
Armor: Scale mail        |    52 |    62 |    66 |    12 |       ||   192
       Skin              |       |     5 |       |       |       ||     5
       Plate armour      |       |       |       |    30 |       ||    30
       Gold dragon scale |       |       |       |   174 |    41 ||   215
Dodge: Dodged            |    75 |    67 |    86 |    67 |    13 ||   308
Block: Buckler           |    22 |    74 |   132 |   273 |    54 ||   555
       Reflection        |       |     2 |     5 |    20 |     1 ||    28
